 Dungeon Crawl Stone Soup version 0.30-a0-956-gcec3b41aec (webtiles) character file.

Game seed: 17550450173781880685

78 jasper the Digger (level 4, -2/24 HPs)
             Began as a Gargoyle Earth Elementalist on Mar 29, 2023.
             Slain by Crazy Yiuf
             ... wielding a +4 quarterstaff of chaos
              (13 damage)
             ... on level 2 of the Dungeon.
             The game lasted 00:02:51 (1888 turns).

jasper the Digger (Gargoyle Earth Elementalist)     Turns: 1888, Time: 00:02:52

Health: -2/24      AC:  6    Str: 11    XL:     4   Next: 36%
Magic:  7/8        EV: 11    Int: 18    God:
Gold:   90         SH:  0    Dex: 10    Spells: 3/9 levels left

rFire   . . .      SeeInvis .    d - +0 whip
rCold   . . .      Faith    .    (no shield)
rNeg    + . .      Spirit   .    a - +0 robe
rPois   ∞          Reflect  .    (no helmet)
rElec   +          Rampage  .    f - +0 cloak
rCorr   .                        (no gloves)
Will    .....                    (no boots)
Stlth   ++                       (no amulet)
HPRegen 0.24/turn                (no ring)
MPRegen 0.11/turn                (no ring)

@: mighty, invisible
A: sickness immunity, AC +3, negative energy resistance 1, electricity
resistance, torment resistance 1, petrification resistance
a: no special abilities


You were on level 2 of the Dungeon.
You visited 1 branch of the dungeon, and saw 2 of its levels.

You collected 90 gold pieces.

Inventory:

Hand Weapons
 d - a +0 whip (weapon)
Armour
 a - a +0 robe (worn)
 f - a +0 cloak (worn)
Jewellery
 o - a ring of protection from fire
Scrolls
 e - a scroll of immolation {unknown}
 k - a scroll of poison {unknown}
 m - a scroll of teleportation {unknown}
 n - a scroll of identify
 p - a scroll of magic mapping {unknown}
Potions
 b - a potion of magic
 c - 2 potions of curing
 g - 2 potions of invisibility
 h - a potion of might {unknown}
 i - a potion of lignification {unknown}
 j - a potion of heal wounds {unknown}
 l - a potion of mutation {unknown}


   Skills:
 - Level 1.5 Dodging
 - Level 2.1 Stealth
 + Level 3.2 Spellcasting
 + Level 0.5 Conjurations
 - Level 0.7 Transmutations
 + Level 4.9 Earth Magic


You had 3 spell levels left.
You knew the following spells:

 Your Spells              Type           Power      Damage    Failure   Level
a - Sandblast             Erth           40%        2d10      1%          1
b - Passwall              Tmut/Erth      10%        N/A       8%          2
c - Stone Arrow           Conj/Erth      24%        3d8       16%         3

Your spell library contained the following spells:

 Spells                   Type           Power      Damage    Failure   Level
 Ignite Poison            Fire/Tmut/Pois 3%         N/A       41%         3
 Petrify                  Tmut/Erth      13%        N/A       45%         4
 Sticky Flame             Conj/Fire      3%         2d3       80%         4
 Ignition                 Fire           1%         3d3       100%        8


Dungeon Overview and Level Annotations

Branches:
Dungeon (2/15)

Altars:

Annotations:
D:2 Crazy Yiuf


Innate Abilities, Weirdness & Mutations

You are immune to sickness and miasma.
Your stone body is resilient. (AC +3)
You are immune to poison.
You resist negative energy. (rN+)
You are resistant to electric shocks. (rElec)
You are resistant to unholy torment.
You are immune to petrification.


Message History

A frilled lizard comes into view.
Aiming: Sandblast (safe; 1% risk of failure)
Press: ? - help, Q - select action, (/) - cycle Shift-Dir - straight line, f - frilled lizard
Aim: a frilled lizard (wandering, hasn't noticed you, 72% to hit)
The blast of sand hits the frilled lizard!
You kill the frilled lizard!
You now have 7/8 mp.
You see here a quokka corpse.
p - a scroll labelled IFAEMILO VUED MP restored: 8
There is a stone staircase leading up here.
There is a stone staircase leading down here.
You open the door.
Crazy Yiuf shouts!
You hit Crazy Yiuf but do no damage.
Crazy Yiuf hits you with a +4 quarterstaff of chaos!
Ouch! That really hurt!
You take 13 damage, and have 11/24 hp.
MASSIVE DAMAGE!!
Aiming: Sandblast (safe; 1% risk of failure)
Press: ? - help, Q - select action, (/) - cycle Shift-Dir - straight line, f - Crazy Yiuf
Aim: Crazy Yiuf, wielding a +4 quarterstaff of chaos and wearing a +0 cloak (85% to hit)
The blast of sand hits Crazy Yiuf!
Crazy Yiuf is moderately wounded.
Crazy Yiuf drinks a potion.
Crazy Yiuf flickers and vanishes!
Deactivating autopickup; reactivate with Ctrl-A.
You now have 7/8 mp.
You fade into invisibility!
Something hits you.
You feel very mighty all of a sudden.
You take 4 damage, and have 8/24 hp.
You feel better. Something hits you.
You regained 5 hp, and now have 13/24 hp.
You closely miss something. Something hits you!
* * * LOW HITPOINT WARNING * * *
Something burns you.
* * * LOW HITPOINT WARNING * * *
You take 11 damage, and have 2/24 hp.
MASSIVE DAMAGE!!
You feel better. Something hits you!
Ouch! That really hurt!
You die...

#.#......#####..##
##..### #†#.#....#
#....# #..#
#.#)..#### #P...#
#..# #.##.>#
##...# #..#
#.##..# ##.##
####..# #.##..####
##.# #...[.#
#........# #.##
#.##.## ####..####
##.# #.##.# #..#
#@## #.##.#
#..#### #{#
#.##.### #.....#
... #......#
##.#### #...#
######.# #.# #)..#
##.# #.# #####
#..# ## #.# #.##
.# #.# ### #.#
.######.# #.# #.#


There were no monsters in sight!

Vanquished Creatures
  2 adders (D:2)
  2 dart slugs
  3 ball pythons (D:2)
  5 bats
  4 endoplasms
  4 giant cockroaches
  4 goblins
  4 hobgoblins
  4 jackals (D:2)
  6 quokkas
  4 frilled lizards
  3 kobolds
  4 rats
49 creatures vanquished.

Vanquished Creatures (others)
  A fungus (D:2)
1 creature vanquished.

Grand Total: 50 creatures vanquished

Notes
Turn   | Place    | Note
-------+----------+-------------------------------------------
     0 | D:1      | jasper the Gargoyle Earth Elementalist began the quest for
                  | the Orb.
     0 | D:1      | Reached XP level 1. HP: 10/10 MP: 3/3
   170 | D:1      | Reached XP level 2. HP: 15/15 MP: 0/5
   181 | D:1      | Reached skill level 4 in Earth Magic
   606 | D:1      | Reached XP level 3. HP: 19/19 MP: 4/6
   653 | D:1      | Found a faded altar of an unknown god.
  1494 | D:2      | Reached XP level 4. HP: 24/24 MP: 6/8
  1497 | D:2      | Learned a level 2 spell: Passwall
  1501 | D:2      | Learned a level 3 spell: Stone Arrow
  1719 | D:2      | Found a runed translucent door.
  1720 | D:2      | Noticed Crazy Yiuf
  1888 | D:2      | Slain by Crazy Yiuf

Illustrated notes

Levels and vault maps discovered:
D:1:      ncdulo_smallfort, layout_loops_ring,
          shapermc_ecumenical_altar_notcrosses
D:2:      layout_loops_ring, uniq_crazy_yiuf_cottage

Skill      XL: |  1  2  3 |
---------------+----------+-----
Earth Magic    | 4 |  4.9
Spellcasting   | 3 |  3.2
Dodging        | |  1.5
Stealth        | |  2.1
Conjurations   | |  0.5
Transmutations | |  0.7

Action                     |  1- 3 |  4- 6 || total
---------------------------+-------+-------++-------
  Melee: Whip              |     3 |     2 ||     5
   Cast: Sandblast         |    55 |    11 ||    66
    Use: Scroll            |     5 |       ||     5
         Potion            |       |     3 ||     3
 Armour: Robe              |    11 |       ||    11
  Dodge: Dodged            |    18 |       ||    18

Table legend: (Time is in decaauts)
 A = Elapsed time spent in this place.
 B = Non-inter-level travel time spent in this place.
 C = Inter-level travel time spent in this place.
 D = Time resting spent in this place.
 E = Time spent auto-exploring this place.
 F = Levels seen in this place.
 G = Mean time per level.
                   A        B        C        D        E       F      G
               +--------+--------+--------+--------+--------+-----+--------+
         Total |   1921 |   1888 |     33 |     34 |   1565 |   2 |  960.5 |
       Dungeon |   1921 |   1888 |     33 |     34 |   1565 |   2 |  960.5 |
               +--------+--------+--------+--------+--------+-----+--------+

Top non-repeatable levels by time:
     D:1: 1015 daAuts
     D:2: 906 daAuts
